 Dungeon Crawl Stone Soup version 0.27.1-34-g3ba077fa99 (webtiles) character file.

Game seed: 8611453272434916631

2937 iwittbrodt the Fighter (level 9, -5/60 HPs)
             Began as an Octopode Monk on Jan 16, 2022.
             Was a Priest of Hepliaklqana.
             Hit by a large rock thrown by a cyclops (20 damage)
             ... on level 8 of the Dungeon.
             The game lasted 00:47:23 (9723 turns).

iwittbrodt the Fighter (Octopode Monk)              Turns: 9723, Time: 00:47:23

Health: -5/60      AC:  1    Str: 10    XL:     9   Next: 80%
Magic:  13/13      EV: 16    Int: 15    God:    Hepliaklqana [***...]
Gold:   151        SH:  0    Dex: 15    Spells: 5/14 levels left

rFire    . . .     SeeInvis .   a - +0 spear (drain)
rCold    . . .     Faith    .   (no shield)
rNeg     . . .     Spirit   .   (helmet restricted)
rPois    .         Reflect  .   (no amulet)
rElec    .         Harm     .   q - ring of resist corrosion
rCorr    +         Rampage  .   C - ring of willpower
Will     +....                  (no ring)
Stlth    ++++......             (no ring)
HPRegen  0.20/turn              (no ring)
MPRegen  0.13/turn              (no ring)
                                (no ring)
                                (no ring)

@: no status effects
A: reduced essence, almost no armour, amphibious, 8 rings, camouflage 1,
gelatinous body 1, (nimble swimmer 1), tentacles
a: Renounce Religion, Recall Ancestor, Ancestor Identity, Transference


You were on level 8 of the Dungeon.
You worshipped Hepliaklqana.
Hepliaklqana was most pleased with you.
You visited 2 branches of the dungeon, and saw 9 of its levels.
You also visited: Ossuary.

You collected 431 gold pieces.
You spent 280 gold pieces at shops.

Inventory:

Hand Weapons
 a - a +0 spear of draining (weapon)
 g - a +0 hunting sling
Missiles
 h - 250 stones (quivered)
 s - 10 curare-tipped darts
 A - 25 sling bullets
Magical Staves
 z - a staff of earth
 E - a staff of cold
Jewellery
 q - a ring of resist corrosion (left tentacle)
 C - a ring of willpower (right tentacle)
Wands
 w - a wand of iceblast (11)
 y - a wand of polymorph (9)
 B - a wand of paralysis (6)
Scrolls
 d - 2 scrolls of enchant armour
 f - 5 scrolls of teleportation
 i - a scroll of noise
 l - 3 scrolls of fear
 m - 3 scrolls of immolation
 n - 4 scrolls of amnesia
 p - 2 scrolls of holy word {unknown}
 r - a scroll of vulnerability {unknown}
 t - a scroll of blinking
 F - 4 scrolls of identify
 G - a scroll of magic mapping
Potions
 b - 3 potions of berserk rage {unknown}
 c - 2 potions of magic
 e - 5 potions of curing
 j - 2 potions of mutation
 k - 3 potions of lignification
 o - 2 potions of might
 u - a potion of resistance
 v - 2 potions of heal wounds {unknown}
 x - 2 potions of attraction {unknown}
 D - a potion of haste {unknown}
 H - a potion of degeneration {unknown}


   Skills:
 * Level 8.9 Fighting
 + Level 6.5 Polearms
 + Level 6.4 Dodging
 - Level 4.0 Stealth
 + Level 3.0 Spellcasting
 + Level 3.1 Hexes
 * Level 1.5 Poison Magic
 - Level 3.0 Evocations


You had 5 spell levels left.
You knew the following spells:

 Your Spells              Type           Power      Damage    Failure   Level
a - Confusing Touch       Hex            11%        N/A       16%         3
b - Poisonous Vapours     Pois/Air       8%         N/A       22%         2
c - Olgreb's Toxic Radia  Pois           6%         N/A       71%         4

Your spell library contained the following spells:

 Spells                   Type           Power      Damage    Failure   Level
 Slow                     Hex            11%        N/A       9%          2
 Sting                    Tmut/Pois      16%        1d3       14%         1
 Summon Small Mammal      Summ           8%         N/A       21%         1
 Summon Guardian Golem    Hex/Summ       7%         N/A       30%         3
 Call Canine Familiar     Summ           2%         N/A       52%         3
 Yara's Violent Unravell  Hex/Tmut       3%         3d4       96%         5
 Fireball                 Conj/Fire      1%         3d3       99%         5
 Starburst                Conj/Fire      1%         6d3       100%        6
 Ignition                 Fire           1%         3d3       100%        8


Dungeon Overview and Level Annotations

Branches:
Dungeon (8/15)             Temple (1/1) D:5         Ossuary (visited)
   Lair: D:8-11

Altars:
Ashenzari
Cheibriados
Dithmenos
Elyvilon
Fedhas
Hepliaklqana
Makhleb
Nemelex Xobeh
Okawaru
Qazlal
Ru
Sif Muna
Trog
Uskayaw
Wu Jian
Zin
The Shining One
Lugonu

Shops:
D:7 :


Innate Abilities, Weirdness & Mutations

Your life essence is reduced to manifest your ancestor. (-10% HP)
You cannot wear most types of armour.
You are amphibious.
You can wear up to eight rings at the same time.
Your skin changes colour to match your surroundings (Stealth+).
Your rubbery body absorbs attacks. (AC +1, EV +1)
((You are camouflaged near water. (Stealth+)))
You have tentacles for arms and can constrict up to eight enemies at once.


Message History

F - 3 scrolls of identify (gained 1)
F - 4 scrolls of identify (gained 1)
n - 4 scrolls of amnesia (gained 1)
There is an open door here.
There is an open door here.
There is an open door here.
Press: ? - help, v - describe, . - travel An open door.
There is an open door here.
There is an open door here.
There is an open door here.
There is an open door here.
There is an open door here.
There is an open door here.
There is an open door here.
There is an open door here.
There is an open door here.
There is a gate leading back out of this place here.
Welcome back to the Dungeon!
There is a collapsed entrance here.
There is an empty arch of ancient stone here.
You swap places.
You swap places.
There is a stone staircase leading down here.
A cyclops comes into view.
The cyclops shouts!
You hear a shout!
Found an escape hatch in the ceiling.
A centaur comes into view.
The centaur wields a +0 shortbow.
The centaur shoots an arrow.
The arrow closely misses you.
The centaur shoots an arrow.
The arrow hits you!
You swap places.
The centaur shoots an arrow.
The arrow barely misses Timmy.
The arrow closely misses you. The cyclops hits you!!
Ouch! That really hurt!
* * * LOW HITPOINT WARNING * * *
Timmy barely misses the cyclops.
Timmy casts a spell at the cyclops.
The cyclops easily resists.
The cyclops throws a large rock.
The large rock hits you!!
You die...

*,* ###.#### *,* #.#
*,* #.# *,* #.# #
*.######.## #
*.........# #
**#######..#
#******,.........#
#,,,,,,,########@######
#******** #......# #
#RC###.# #..# *,*
##c#**,* *..,,,* ***
*##.*** *,***********
*,,<.,* ,,≈*≈≈**≈≈≈≈**
*,,,..*


You could see the friendly Timmy the hexer, a cyclops (ally target) and a
centaur.

Vanquished Creatures
  Sigmund (D:4)
  A steam dragon (D:7)
  A water moccasin (D:8)
  A kobold brigand (D:7)
  2 bullfrogs
  2 scorpions
  A water moccasin zombie (D:7)
  A water moccasin skeleton (D:6)
  A wight (D:6)
  A jelly (D:7)
  2 howler monkeys
  A centaur zombie (Ossuary)
  5 hounds
  A centaur skeleton (D:4)
  A human zombie (Ossuary)
  An iguana (D:5)
  An orc wizard (D:6)
  A hound skeleton (D:4)
  A howler monkey zombie (D:8)
  3 mummies (Ossuary)
  A howler monkey skeleton (D:4)
  5 adders
  6 dart slugs
  4 orcs
  5 endoplasms
  2 giant cockroaches
  10 hobgoblins
  A jackal (D:5)
  19 kobolds
  A quokka (D:3)
  5 ball pythons
  13 bats
  3 frilled lizards (D:3)
  11 goblins
  3 kobold zombies (Ossuary)
  3 orc zombies (Ossuary)
  6 rats
127 creatures vanquished.

Vanquished Creatures (collateral kills)
  Menkaure (D:4)
  A steam dragon (D:4)
  A water moccasin (D:7)
  A sky beast (D:4)
  An ice beast (D:7)
  2 necrophages
  4 scorpions (Ossuary)
  A bullfrog (D:7)
  A wight (D:6)
  A howler monkey (D:8)
  3 centaur zombies (Ossuary)
  A bullfrog zombie (D:5)
  3 orc priests
  2 scorpion zombies (Ossuary)
  An orc wizard (D:5)
  2 killer bee zombies
  A white imp (D:6)
  3 orcs
  2 jackals (D:5)
  11 kobolds (D:7)
  A gnoll zombie (Ossuary)
  A goblin zombie (Ossuary)
  A hobgoblin zombie (Ossuary)
  A kobold zombie (Ossuary)
  2 orc zombies (Ossuary)
49 creatures vanquished.

Vanquished Creatures (others)
  4 hexers
  40 plants (D:7)
  A withered plant (D:8)
45 creatures vanquished.

Grand Total: 221 creatures vanquished

Notes
Turn   | Place    | Note
-------+----------+-------------------------------------------
     0 | D:1      | iwittbrodt the Octopode Monk began the quest for the Orb.
     0 | D:1      | Reached XP level 1. HP: 16/16 MP: 1/1
   285 | D:1      | Reached XP level 2. HP: 21/21 MP: 2/2
   748 | D:1      | Reached XP level 3. HP: 26/26 MP: 3/3
  1126 | D:2      | Found a hazy altar of Hepliaklqana.
  1632 | D:2      | Reached XP level 4. HP: 24/33 MP: 4/4
  1947 | D:3      | Reached skill level 4 in Fighting
  1969 | D:3      | Found a bloodstained altar of Trog.
  2162 | D:3      | Reached XP level 5. HP: 37/37 MP: 5/5
  2862 | D:4      | Noticed Menkaure
  3098 | D:4      | Noticed a steam dragon
  3460 | D:4      | Found a sacrificial altar of Ru.
  3528 | D:4      | Noticed Sigmund
  4023 | D:5      | Entered Level 5 of the Dungeon
  4023 | D:5      | Found a staircase to the Ecumenical Temple.
  4037 | Temple   | Entered the Ecumenical Temple
  4200 | Temple   | Became a worshipper of Hepliaklqana the Forgotten
  4200 | Temple   | Reached * piety under Hepliaklqana
  4200 | Temple   | Reached ** piety under Hepliaklqana
  4201 | Temple   | Remembered your ancestor Timmy as a hexer
  4288 | D:5      | Reached XP level 6. HP: 36/40 MP: 6/6
  4363 | D:5      | Reached skill level 5 in Fighting
  5011 | D:6      | Noticed a necrophage
  5029 | D:6      | Killed a necrophage
  5030 | D:6      | Reached skill level 1 in Evocations
  5030 | D:6      | Reached XP level 7. HP: 45/45 MP: 7/7
  5288 | D:6      | Found a stormy altar of Qazlal.
  5290 | D:6      | Found a broken altar of Ashenzari.
  5292 | D:6      | Found a shadowy altar of Dithmenos.
  5294 | D:6      | Found an ornate altar of the Wu Jian Council.
  5295 | D:6      | Found a shimmering blue altar of Sif Muna.
  5357 | D:6      | Found a glowing golden altar of the Shining One.
  5659 | D:6      | Reached skill level 6 in Fighting
  5779 | D:6      | Learned a level 3 spell: Confusing Touch
  6169 | D:6      | Reached skill level 5 in Polearms
  6169 | D:6      | Reached skill level 5 in Dodging
  6169 | D:6      | Reached XP level 8. HP: 52/52 MP: 8/8
  6600 | D:7      | Reached *** piety under Hepliaklqana
  6743 | D:7      | Reached skill level 7 in Fighting
  7065 | D:7      | Found Luimexze's Book Shop.
  7100 | D:7      | Bought a Young Poisoner's Handbook for 280 gold pieces
  7104 | D:7      | Learned a level 2 spell: Poisonous Vapours
  7386 | D:7      | Reached skill level 1 in Hexes
  7667 | D:7      | Reached skill level 1 in Spellcasting
  8002 | D:4      | Reached XP level 9. HP: 24/58 MP: 9/11
  8234 | D:4      | Killed Sigmund
  8326 | D:4      | Reached skill level 8 in Fighting
  8343 | D:4      | Killed Menkaure
  8933 | D:8      | Found a sand-covered staircase.
  8944 | Ossuary  | Entered an ossuary
  9221 | Ossuary  | Learned a level 4 spell: Olgreb's Toxic Radiance
  9303 | Ossuary  | Reached skill level 1 in Poison Magic
  9719 | D:8      | Noticed a cyclops
  9723 | D:8      | Hit by a large rock thrown by a cyclops

Illustrated notes

Levels and vault maps discovered:
D:1:      dpeg_arrival_water_fire, layout_basic, chequers_serial_rivers_room_b
D:2:      layout_basic, basic_altar, grunt_decor_one_mirror, minmay_3d_cube
D:3:      layout_loops_ring, trog_hazing_becter, hangedman_decor_growths
D:4:      layout_rooms, lemuel_tele_altar, uniq_sigmund, uniq_menkaure
D:5:      layout_cave_pools, minmay_temple_entry_trees
D:6:      minmay_spotlight, layout_basic, tso_oasis_becter,
          grunt_temple_overflow_open
D:7:      kennysheep_kobold_camp, layout_gridville, serial_shops, shop,
          serial_rivers, chequers_serial_rivers_small_b,
          chequers_serial_rivers_micro_a, chequers_serial_rivers_micro_c,
          chequers_serial_rivers_micro_b, chequers_serial_rivers_large_a,
          minmay_misc_feat_x
D:8:      layout_loops_ring, lemuel_crystal_altar, mainiacjoe_overflow_alcove_1,
          serial_undead, serial_undead_b, serial_undead_c, serial_undead_f,
          serial_undead_b, chequers_ossuary_entry_cave, serial_bayou_ford_a
Temple:   corrupted_temple

Skill      XL: |  1  2  3  4  5  6  7  8  9 |
---------------+----------------------------+-----
Stealth        | 3 4 |  4.0
Fighting       | 4 5 6 7 8 |  8.9
Polearms       | 4 5 6 |  6.5
Dodging        | 4 5 6 |  6.4
Evocations     | 1 2 3 |  3.0
Hexes          | 1 3 |  3.1
Spellcasting   | 1 3 |  3.0
Poison Magic   | 1 |  1.5

Action                   |  1- 3 |  4- 6 |  7- 9 || total
-------------------------+-------+-------+-------++-------
Melee: Spear             |    76 |   144 |   252 ||   472
       Constrict         |    10 |    28 |    26 ||    64
       Tentacles         |     6 |    21 |    32 ||    59
 Fire: Hunting sling     |       |     5 |       ||     5
Throw: Stone             |     1 |    14 |     2 ||    17
Invok: Ancestor Life: He |       |     1 |       ||     1
       Ancestor Identity |       |     1 |       ||     1
  Use: Scroll            |       |       |    19 ||    19
 Stab: Sleeping          |    15 |    11 |     6 ||    32
       Confused          |       |     1 |     5 ||     6
       Distracted        |       |       |     4 ||     4
Armor: Skin              |     6 |     7 |     4 ||    17
Dodge: Dodged            |    37 |    63 |    73 ||   173
